 Dungeon Crawl Stone Soup version 0.26.1-11-gd32895ea62 (webtiles) character file.

Game seed: 9619922595364900954

56036 dtburroughs the Fighter (level 14, 0/129 HPs)
             Began as a Minotaur Berserker on July 14, 2021.
             Was a High Priest of Trog.
             Slain by an earth elemental (18 damage)
             ... summoned by a deep elf mage
             ... on level 13 of the Dungeon on July 15, 2021.
             The game lasted 00:45:18 (21947 turns).

dtburroughs the Fighter (Minotaur Berserker)       Turns: 21947, Time: 00:45:19

Health: 0/129      AC: 29    Str: 24    XL:     14   Next: 40%
Magic:  13/13      EV: 16    Int: 16    God:    Trog [*****.]
Gold:   1854       SH:  0    Dex: 10    Spells: 13/13 levels left

rFire    + . .     SeeInvis +   G - +1 executioner's axe "Olic" {drain, *Rage +Rage rF++ Int+9}
rCold    . . .     Faith    +   (shield currently unavailable)
rNeg     + + .     Spirit   .   y - +1 plate armour
rPois    .         Reflect  .   c - +2 hat {SInv}
rElec    .         Harm     .   L - +2 cloak
rCorr    .         Rampage  .   a - +2 pair of gloves
Will     +++..     Rnd*Rage +   W - +2 pair of boots
Stlth    ..........             j - amulet of Vidunaaf {Faith rF- rN++}
HPRegen  1.31/turn              C - +4 ring of evasion
MPRegen  0.13/turn              t - +4 ring of protection

@: corroded, regenerating
A: retaliatory headbutt, horns 2
a: Renounce Religion, Evoke Berserk Rage, Berserk, Trog's Hand, Brothers in Arms


You were on level 13 of the Dungeon.
You worshipped Trog.
Trog was extremely pleased with you.
You visited 2 branches of the dungeon, and saw 19 of its levels.

You collected 1932 gold pieces.
You spent 78 gold pieces at shops.

Inventory:

Hand Weapons
 w - a +3 flail of freezing
 G - the +1 executioner's axe "Olic" (weapon) {drain, *Rage +Rage rF++ Int+9}
   (You acquired it on level 2 of the Lair of Beasts)

   A truly terrible weapon, it drains the life of those it strikes.
   It affects your intelligence (+9).
   It greatly protects you from fire.
   It lets you go berserk.
   It may make you go berserk in combat.
 N - a +4 war axe
 Y - a +0 broad axe
Armour
 a - a +2 pair of gloves (worn)
 c - a +2 hat of see invisible (worn)
 y - a +1 plate armour (worn)
 J - a +0 buckler
 L - a +2 cloak (worn)
 W - a +2 pair of boots (worn)
Jewellery
 d - an uncursed amulet of magic regeneration {unknown}
 j - the amulet of Vidunaaf (around neck) {Faith rF- rN++}
   (You acquired it on level 1 of the Lair of Beasts)

   [amulet of faith]

   It allows you to gain divine favour quickly.
   It makes you vulnerable to fire.
   It greatly protects you from negative energy.
 t - a +4 ring of protection (right hand)
 C - a +4 ring of evasion (left hand)
 Q - an uncursed ring of protection from cold
Wands
 v - a wand of disintegration (53)
 x - a wand of random effects (30)
 A - a wand of paralysis (13)
 B - a wand of enslavement (6)
 H - a wand of flame (31)
 O - a wand of iceblast (19)
 U - a wand of digging (6)
Scrolls
 f - 10 scrolls of remove curse
 i - 5 scrolls of enchant weapon
 l - 2 scrolls of identify
 m - 6 scrolls of magic mapping
 q - 9 scrolls of teleportation
 E - 3 scrolls of fear
 R - 3 scrolls of fog
 S - a scroll of blinking
 T - a scroll of immolation
 Z - a scroll of vulnerability
Potions
 b - 3 potions of haste
 e - 6 potions of lignification
 g - 3 potions of invisibility
 h - 10 potions of curing
 k - a potion of heal wounds
 o - 2 potions of resistance
 p - 2 potions of cancellation
 r - 5 potions of ambrosia
 u - 5 potions of might
 K - a potion of experience {unknown}


   Skills:
 + Level 13.6 Fighting
 + Level 13.5 Axes
 + Level 13.4 Armour
 + Level 12.4 Dodging
 + Level 8.8 Shields
 + Level 9.2 Evocations


You had 13 spell levels left.
You didn't know any spells.
Your spell library was empty.

Dungeon Overview and Level Annotations

Branches:
Dungeon (13/15)            Temple (0/1) D:4            Lair (6/6) D:9
  Swamp (0/4) Lair:3        Snake (0/4) Lair:4        Slime (0/5) Lair:5
    Orc (0/2) D:9
 Vaults: D:13-14

Altars:
Ashenzari
Dithmenos
Elyvilon
Fedhas
Makhleb
Nemelex Xobeh
Okawaru
Trog
Xom
Yredelemnul
Zin
The Shining One
Jiyva

Shops:
D:8 [   D:10 :   D:11 *

Annotations:
D:7 3 runed translucent doors
D:11 3 runed translucent doors, Pepete's ghost, journeyman GrMo
D:12 exclusion: oklob sapling
Lair:1 exclusion: 2 oklob plants


Innate Abilities, Weirdness & Mutations

You reflexively headbutt those who attack you in melee.
You have a pair of horns on your head.


Message History

The stone arrow hits you!
* * * LOW HITPOINT WARNING * * *
The centaur warrior unwields a +2 vorpal shortbow.
The centaur warrior barely misses you.
You hit the centaur warrior but do no damage.
You hit the earth elemental. x2
The centaur warrior hits you but does no damage.
The earth elemental hits you!
* * * LOW HITPOINT WARNING * * *
The earth elemental closely misses you.
You slash the centaur warrior! You drain the centaur warrior.
The centaur warrior is moderately wounded.
You closely miss the deep elf mage.
You hit the earth elemental but do no damage.
You barely miss the earth elemental. The centaur warrior misses you.
The centaur warrior hits you but does no damage.
The deep elf mage hits you but does no damage.
The earth elemental hits you but does no damage.
The earth elemental hits you!!
You die...

#..............##
#..<............#
#..........()...##
..........###...(###
..........# #..)††.##
..........###.......##
....≈.........((.....##
...≈≈≈.........(E.....##
....≈..........E@......#
................ec......#
.........................#
...................
.................
.................
..≈....###....#. ≈≈≈.).
...##


You could see a centaur warrior (drained), 2 earth elementals and a deep elf
mage (drained).

Vanquished Creatures
  Jorgrun (D:12)
  Frances (D:12)
  Gastronok (D:8)
  9 hydras
  3 boulder beetles
  Erica (D:9)
  2 two-headed ogres
  An unseen horror (D:7)
  Pikel (D:8)
  A harpy (Lair:6)
  An orc knight (D:11)
  An ugly thing (D:13)
  A deep elf mage (D:12)
  A manticore (D:11)
  An elephant (Lair:6)
  Psyche (D:9)
  4 black mambas
  11 cane toads
  8 rime drakes
  10 komodo dragons
  2 kobold demonologists (D:12)
  A redback zombie (D:11)
  3 trolls
  8 blink frogs
  2 polar bears (Lair:6)
  6 hornets
  Prince Ribbit (D:6)
  4 slime creatures (D:13)
  A shadow (D:11)
  A vampire (D:9)
  2 wraiths
  3 wyverns
  64 yaks
  3 basilisks
  An acid dragon (D:13)
  18 water moccasins
  12 orc warriors
  2 black bears
  An ice beast (D:5)
  A hornet zombie (D:13)
  3 necrophages
  5 sky beasts
  7 ogres
  2 phantoms
  2 lemures (D:8)
  5 wolves
  12 centaurs
  2 big kobolds
  9 bullfrogs
  2 gnoll sergeants (D:9)
  A water moccasin zombie (D:7)
  4 scorpions
  17 killer bees
  19 wights
  4 howler monkeys
  6 hounds
  9 orc priests
  2 centaur zombies
  A jelly (D:7)
  4 centaur skeletons
  2 bullfrog skeletons
  2 bullfrog zombies
  11 orc wizards
  2 gnoll shamans
  3 iguanas
  10 worker ants
  A worker ant zombie (D:4)
  2 howler monkey zombies
  14 adders
  11 gnolls
  3 white imps
  An ufetubus (D:8)
  An adder zombie (D:6)
  2 adder skeletons (D:5)
  4 worms
  A dart slug (D:4)
  7 leopard geckos
  42 orcs
  A giant cockroach (D:6)
  2 gnoll zombies (D:3)
  18 hobgoblins
  9 jackals
  4 quokkas
  6 ball pythons
  A ball python zombie (D:4)
  8 bats
  3 frilled lizards
  A giant cockroach zombie (D:4)
  3 goblins
  A jackal zombie (D:4)
  18 kobolds
  3 quokka skeletons
  A quokka zombie (D:4)
  9 rats
519 creatures vanquished.

Vanquished Creatures (collateral kills)
  A merfolk avatar (Lair:6)
  A harpy (Lair:6)
  A polar bear (Lair:6)
  2 yaks (D:9)
  Grum (D:9)
6 creatures vanquished.

Vanquished Creatures (others)
  25 fungi
  81 plants
  2 withered plants (D:4)
108 creatures vanquished.

Grand Total: 633 creatures vanquished

Notes
Turn   | Place    | Note
-------+----------+-------------------------------------------
     0 | D:1      | dtburroughs the Minotaur Berserker began the quest for the
                  | Orb.
     0 | D:1      | Reached XP level 1. HP: 19/19 MP: 0/0
   365 | D:1      | Reached XP level 2. HP: 25/27 MP: 1/1
  1137 | D:2      | Reached XP level 3. HP: 17/33 MP: 2/2
  1349 | D:2      | Found a shadowy altar of Dithmenos.
  1364 | D:2      | Reached ** piety under Trog
  1885 | D:2      | Reached XP level 4. HP: 26/40 MP: 3/3
  2881 | D:3      | Found a basalt altar of Yredelemnul.
  3069 | D:4      | Reached XP level 5. HP: 47/47 MP: 4/4
  3310 | D:4      | Reached skill level 5 in Fighting
  3310 | D:4      | Reached skill level 5 in Axes
  3329 | D:4      | Reached XP level 6. HP: 51/56 MP: 5/5
  3445 | D:4      | Found a blossoming altar of Fedhas.
  3510 | D:4      | Reached *** piety under Trog
  3730 | D:4      | Found a staircase to the Ecumenical Temple.
  3856 | D:5      | Entered Level 5 of the Dungeon
  3961 | D:5      | Noticed an ice beast
  3979 | D:5      | Killed an ice beast
  3980 | D:5      | Reached skill level 5 in Armour
  3980 | D:5      | Reached XP level 7. HP: 62/62 MP: 6/6
  4223 | D:5      | Found an iron altar of Okawaru.
  4226 | D:5      | Found a glowing golden altar of the Shining One.
  4229 | D:5      | Found a sparkling altar of Nemelex Xobeh.
  4232 | D:5      | Found a white marble altar of Elyvilon.
  4248 | D:5      | Reached skill level 5 in Dodging
  4856 | D:6      | Noticed Prince Ribbit
  4869 | D:6      | Killed Prince Ribbit
  4870 | D:6      | Reached XP level 8. HP: 64/71 MP: 7/7
  5802 | D:7      | Reached **** piety under Trog
  5803 | D:7      | Reached skill level 1 in Evocations
  5957 | D:7      | Found a runed translucent door.
  5957 | D:7      | Found a runed translucent door.
  6066 | D:7      | Reached XP level 9. HP: 74/81 MP: 8/8
  6127 | D:7      | Noticed a moth of wrath
  6130 | D:7      | Found a bloodstained altar of Trog.
  6357 | D:7      | Found a runed translucent door.
  6428 | D:7      | Killed an unseen horror
  6490 | D:7      | Identified the Disquisition on the Frostbite
  6494 | D:7      | Identified the Handbook of Earthen Displacement
  7323 | D:8      | Noticed Pikel
  7345 | D:8      | Killed Pikel
  7346 | D:8      | Reached XP level 10. HP: 82/91 MP: 9/9
  7491 | D:8      | Found Haijupt's Armour Emporium.
  7804 | D:8      | Found a broken altar of Ashenzari.
  7804 | D:8      | Found a glowing silver altar of Zin.
  7812 | D:8      | Found a shimmering altar of Xom.
  7814 | D:8      | Found a faded altar of an unknown god.
  7816 | D:8      | Found a faded altar of an unknown god.
  7903 | D:8      | Noticed Gastronok
  7916 | D:8      | Killed Gastronok
  8513 | D:9      | Found a staircase to the Orcish Mines.
  8677 | D:9      | Noticed Erica
  8687 | D:9      | Killed Erica
  8688 | D:9      | Reached skill level 10 in Fighting
  8688 | D:9      | Reached skill level 10 in Axes
  8688 | D:9      | Reached skill level 5 in Evocations
  8809 | D:9      | Noticed Psyche
  8821 | D:9      | Killed Psyche
  8883 | D:9      | Found a staircase to the Lair.
  8900 | D:9      | Reached XP level 11. HP: 83/100 MP: 10/10
  8982 | D:9      | Found a burning altar of Makhleb.
  9137 | D:9      | Found a glowing golden altar of the Shining One.
  9314 | D:9      | Reached skill level 10 in Armour
  9524 | D:9      | Identified the cursed +0 leather armour of Life {rPois rN+}
  9525 | D:9      | Noticed a two-headed ogre
  9533 | D:9      | Noticed Grum
  9538 | D:9      | Killed a two-headed ogre
  9547 | D:9      | Killed Grum
  9855 | D:10     | Entered Level 10 of the Dungeon
 10453 | D:10     | Found a bloodstained altar of Trog.
 10654 | D:10     | Found Ykhlust's Book Emporium.
 10997 | D:11     | Noticed a boulder beetle
 11001 | D:11     | Noticed a seven-headed hydra
 11004 | D:11     | Reached skill level 1 in Shields
 11018 | D:11     | Killed a seven-headed hydra
 11019 | D:11     | Reached skill level 10 in Dodging
 11248 | D:11     | Killed a boulder beetle
 11435 | D:11     | Reached XP level 12. HP: 110/110 MP: 11/11
 11436 | D:11     | Noticed Pepete's ghost (journeyman GrMo)
 11528 | D:11     | Identified the +6 long sword of Rickemynyl {venom, Int+2}
 11571 | D:11     | Reached ***** piety under Trog
 11961 | D:11     | Found a runed translucent gate.
 11961 | D:11     | Found a runed translucent gate.
 11961 | D:11     | Found a runed translucent gate.
 11963 | D:11     | Noticed a minotaur
 12015 | D:11     | Found Bippo's Assorted Antiques.
 12024 | D:11     | Bought a scroll of teleportation for 78 gold pieces
 12315 | Lair:1   | Entered Level 1 of the Lair of Beasts
 12315 | Lair:1   | Noticed a six-headed hydra
 12331 | Lair:1   | Killed a one-headed hydra
 12372 | Lair:1   | Identified a scroll of acquirement
 13467 | Lair:2   | Reached skill level 5 in Shields
 14131 | Lair:2   | Acquired the +1 executioner's axe "Olic" {drain, *Rage
                  | +Rage rF++ Int+9}
 14173 | Lair:3   | Noticed a four-headed hydra
 14186 | Lair:3   | Killed a four-headed hydra
 14603 | Lair:3   | Reached XP level 13. HP: 118/118 MP: 12/12
 14942 | Lair:3   | Found a staircase to the Swamp.
 15819 | Lair:4   | Found a staircase to the Snake Pit.
 16899 | Lair:5   | Found a staircase to the Slime Pits.
 16910 | Lair:5   | Found a viscous altar of Jiyva.
 17564 | Lair:6   | Entered Level 6 of the Lair of Beasts
 18071 | Lair:6   | Paralysed by a hornet for 2 turns
 19104 | Lair:6   | Reached XP level 14. HP: 125/129 MP: 13/13
 19473 | Lair:1   | Acquired the amulet of Vidunaaf {Faith rF- rN++}
 19815 | D:12     | Noticed Frances
 19836 | D:12     | Killed Frances
 20673 | D:12     | Noticed Jorgrun
 20695 | D:12     | Killed Jorgrun
 21947 | D:13     | Slain by an earth elemental

Illustrated notes

Levels and vault maps discovered:
D:1:      minmay_arrival_hallway, layout_loops_ring, bh_walls_and_bars
D:2:      layout_basic, old_standard_altar
D:3:      layout_rooms, lemuel_zombie_altar_yredelemnul
D:4:      layout_rooms, fedhas_altar_fruit_tree,
          minmay_temple_entry_statues_pillars, serial_undead, serial_undead_f,
          serial_undead_e, serial_undead_b, serial_undead_d
D:5:      layout_loops_cross, grunt_temple_overflow_cloverleaf
D:6:      layout_cave_pools, uniq_prince_ribbit1
D:7:      minmay_the_grid_triangle_9x9_rhombus_thin
          [minmay_the_grid_triangle_9x9_from_above,
          minmay_the_grid_triangle_9x9_prize_schism,
          minmay_the_grid_triangle_9x9_fully_insulated_deathbox,
          minmay_the_grid_triangle_9x9_descending_squares], layout_basic,
          tgw_trog
D:8:      layout_basic, chequers_temple_overflow_minitemple, serial_shops, shop,
          uniq_gastronok, uniq_pikel
D:9:      kennysheep_housing_project, layout_rooms, david_lair_shrubbed,
          david_orc_3, st_stairs_13, nrook_loot_triangle, nzn_life_drinkers,
          uniq_psyche, uniq_grum, uniq_erica
D:10:     layout_grid_maze, serial_shops, shop, basic_altar
D:11:     layout_cave_pools, maelrawn_ghost_gauntlet_escape, serial_shops, shop,
          kennysheep_nub
D:12:     layout_loops_cross, introduction_to_nature_2, uniq_jorgrun,
          uniq_frances
D:13:     layout_big_octagon, gammafunk_ghost_hydra_chop
Lair:1:   layout_misc_corridors, minmay_lair_oklob_chamber, lemuel_fruit_tree,
          infiniplex_staircase_pool_2
Lair:2:   layout_misc_corridors, serial_bayou_pond_d, patterned_corridor
Lair:3:   layout_regular_city, swamp_mist
Lair:4:   layout_gridlike, dummy_snake_entry
Lair:5:   layout_layer_cave, slime_altar_1
Lair:6:   gammafunk_lair_ancient_temple, layout_layer_cave

Skill      XL: |  1  2  3  4  5  6  7  8  9 10 11 12 13 14 |
---------------+-------------------------------------------+-----
Axes           | 4 5 6 7 9 10 11 12 13 | 13.5
Fighting       | 4 5 6 7 9 10 11 12 13 | 13.6
Armour         | 3 4 5 6 7 8 9 11 12 13 | 13.4
Dodging        | 3 4 5 6 7 9 10 11 12 | 12.4
Evocations     | 1 3 5 6 7 8 9 |  9.2
Shields        | 2 5 8 |  8.8

Action                   |  1- 3 |  4- 6 |  7- 9 | 10-12 | 13-15 || total
-------------------------+-------+-------+-------+-------+-------++-------
Melee: Hand axe          |    98 |    98 |   188 |    20 |       ||   404
       Headbutt          |    15 |    21 |    57 |    89 |    88 ||   270
       Battleaxe         |       |       |    99 |   386 |       ||   485
       Executioner's axe |       |       |       |    28 |   348 ||   376
       Flail             |       |       |       |     8 |    39 ||    47
Invok: Trog's Hand       |       |     2 |     7 |    14 |     8 ||    31
       Berserk           |       |       |     1 |     2 |       ||     3
       Brothers in Arms  |       |       |       |     1 |     2 ||     3
Evoke: Wand              |       |       |       |       |     9 ||     9
  Use: Scroll            |       |       |     8 |    14 |    13 ||    35
       Potion            |       |       |       |     1 |     5 ||     6
 Stab: Distracted        |       |       |     1 |       |       ||     1
Armor: Animal skin       |    22 |     1 |       |       |       ||    23
       Chain mail        |       |    50 |    72 |       |       ||   122
       Leather armour    |       |     1 |       |       |       ||     1
       Plate armour      |       |       |   126 |   251 |   378 ||   755
Dodge: Dodged            |    88 |    69 |   138 |   492 |   500 ||  1287
